 Dungeon Crawl Stone Soup version 0.28-a0-312-gbced6e68ee (webtiles) character file.

Game seed: 13021851229965011898

123 siradein the Poker (level 4, 0/49 HPs)
             Began as a Demonspawn Gladiator on Aug 31, 2021.
             Was an Initiate of Makhleb.
             Slain by a killer bee (2 damage)
             ... on level 4 of the Dungeon.
             The game lasted 00:12:54 (4087 turns).

siradein the Poker (Demonspawn Gladiator)           Turns: 4087, Time: 00:12:55

Health: 0/49       AC: 22    Str: 15    XL:     4   Next: 79%
Magic:  4/4        EV:  2    Int:  9    God:    Makhleb [......]
Gold:   129        SH:  3    Dex: 15    Spells: 3/3 levels left

rFire   . . .      SeeInvis .   a - +0 trident
rCold   . . .      Faith    .   j - +0 buckler
rNeg    + + +      Spirit   .   (armour currently unavailable)
rPois   +          Reflect  .   (helmet currently unavailable)
rElec   .          Harm     .   (cloak currently unavailable)
rCorr   .          Rampage  .   (gloves currently unavailable)
Will    .....      NoTele   +   (boots currently unavailable)
Stlth   +.........              (no amulet)
HPRegen 0.16/turn               e - ring of flight
MPRegen 0.09/turn               (no ring)

@: tree-form
A: stationary, stasis, torment immunity, boosted hp, (sanguine armour 2)
a: Renounce Religion


You were on level 4 of the Dungeon.
You worshipped Makhleb.
Makhleb was noncommittal.
You were a tree.
You visited 1 branch of the dungeon, and saw 4 of its levels.

You collected 151 gold pieces.
You spent 22 gold pieces at shops.

Inventory:

Hand Weapons
 a - a +0 trident (weapon)
Missiles
 d - 3 throwing nets (quivered)
Armour
 b - a +0 leather armour (melded)
 c - a +0 helmet (melded)
 i - a +0 cloak (melded)
 j - a +0 buckler (worn)
Jewellery
 e - a ring of flight (left branch)
 g - the amulet "Cod Xiuc" {Faith Rampage MP+9 Str+3}
   (You acquired it on level 4 of the Dungeon)

   [amulet of faith]

   It allows you to gain divine favour quickly.
   Str:       It affects your strength (+3).
   MP:        It affects your magic capacity (+9).
   Rampage:   It bestows one free step when moving towards enemies.
Scrolls
 f - a scroll of enchant weapon
 h - a scroll of enchant armour {unknown}
 l - a scroll of noise {unknown}
 o - a scroll of fog {unknown}
Potions
 m - a potion of attraction


   Skills:
 - Level 2.0 Fighting
 + Level 5.0 Polearms
 - Level 1.7 Throwing
 - Level 2.6 Dodging
 + Level 0.6 Invocations


You had 3 spell levels left.
You didn't know any spells.
Your spell library was empty.

Dungeon Overview and Level Annotations

Branches:
Dungeon (4/15)
 Temple: D:4-7

Altars:
Ashenzari
Cheibriados
Gozag
Makhleb
Nemelex Xobeh
Xom
The Shining One

Shops:
D:2 (*=(?

Annotations:
D:2 Terence


Innate Abilities, Weirdness & Mutations

You are a tree.
Your roots penetrate the ground, keeping you stationary.
You cannot be teleported.
You are immune to unholy pain and torment.
Your maximum health is greatly increased.
Your equipment is partially melded.
((When seriously injured, your bleeding wounds create thick armour. (AC +0)))


Message History

You feel sick.
The killer bee stings you but does no damage. x3
It was a potion of lignification.
You turn into a tree.
Your +0 cloak melds into your body.
Your +0 helmet melds into your body.
Your +0 leather armour melds into your body.
Your roots penetrate the ground.
Your blood armour dries and flakes away.
You feel sick.
The killer bee stings you but does no damage. x2
You completely miss the killer bee.
The killer bee is lightly wounded.
You feel sick.
A killer bee comes into view.
The killer bee stings you but does no damage. x2
The killer bee buzzes angrily.
You puncture the killer bee!
The killer bee is severely wounded.
You feel sick.
You are no longer poisoned.
The killer bee stings you.
* * * LOW HITPOINT WARNING * * *
You block the killer bee's attack.
Okay, then.
It was a potion of magic.
Magic courses through your body.
The killer bee stings you but does no damage.
The killer bee stings you.
* * * LOW HITPOINT WARNING * * *
This is a scroll of acquirement!
Something appears at your feet!
The killer bee stings you but does no damage. x2
g - the amulet "Cod Xiuc" {Faith Rampage MP+9 Str+3} The killer bee stings you but does no damage. x2
You start putting on your amulet.
You continue putting on the amulet "Cod Xiuc" {Faith Rampage MP+9 Str+3}.
The killer bee stings you but does no damage.
Keep equipping yourself?
The killer bee stings you but does no damage.
You continue putting on the amulet "Cod Xiuc" {Faith Rampage MP+9 Str+3}.
The killer bee stings you.
You die...

### ##### ##.## ##...##
##.#.##
#######....y#####.###.##
#...##..)..yyy♣..## ##.#
#...........y##...###.##
#...##.......#...#.#..#
##.####.....#.....#.#.#
.y.
##...###...##.#.########
###. #####
##..##..........# #y
#..####.######.# #y #..#
#.######.## #. #..#
#.##.......


You could see 5 killer bees.

Vanquished Creatures
  Robin (D:2)
  3 adders
  A worm (D:3)
  2 dart slugs
  5 orcs (D:3)
  3 endoplasms
  2 giant cockroaches
  10 goblins
  9 hobgoblins
  2 jackals (D:1)
  5 kobolds
  3 quokkas
  9 ball pythons
  7 bats
  3 frilled lizards
  3 rats (D:1)
68 creatures vanquished.

Notes
Turn   | Place    | Note
-------+----------+-------------------------------------------
     0 | D:1      | siradein the Demonspawn Gladiator began the quest for the
                  | Orb.
     0 | D:1      | Reached XP level 1. HP: 16/16 MP: 1/1
   285 | D:1      | Found a faded altar of an unknown god.
   294 | D:1      | Reached skill level 3 in Polearms
   304 | D:1      | Gained mutation: When seriously injured, your bleeding
                  | wounds create armour. (AC +0) [demonic ancestry]
   304 | D:1      | Reached XP level 2. HP: 15/22 MP: 2/2
  1058 | D:2      | Found Tigeus's Magic Scroll Shoppe.
  1064 | D:2      | Gained mutation: When seriously injured, your bleeding
                  | wounds create thick armour. (AC +0) [demonic ancestry]
  1064 | D:2      | Reached XP level 3. HP: 27/27 MP: 3/3
  1067 | D:2      | Bought a scroll of identify for 22 gold pieces
  1103 | D:2      | Noticed Terence
  1635 | D:2      | Found Namu's Jewellery Boutique.
  1637 | D:2      | Noticed Robin
  1652 | D:1      | Reached skill level 4 in Polearms
  2228 | D:2      | Killed Robin
  2408 | D:2      | Found Vallu's Assorted Antiques.
  2450 | D:2      | Found Nousapnur's Antique Weapon Emporium.
  2494 | D:2      | Reached XP level 4. HP: 33/33 MP: 4/4
  2745 | D:2      | Found Aker's Weapon Boutique.
  3381 | D:3      | Found a snail-covered altar of Cheibriados.
  3540 | D:3      | Reached skill level 5 in Polearms
  3629 | D:3      | Found a shimmering altar of Xom.
  3751 | D:3      | Found an opulent altar of Gozag.
  3752 | D:3      | Found a burning altar of Makhleb.
  3753 | D:3      | Found a sparkling altar of Nemelex Xobeh.
  3754 | D:3      | Found a broken altar of Ashenzari.
  3942 | D:3      | Became a worshipper of Makhleb the Destroyer
  4083 | D:4      | HP: 1/49 [killer bee (3)]
  4084 | D:4      | Identified a scroll of acquirement
  4084 | D:4      | Acquired the amulet "Cod Xiuc" {Faith Rampage MP+9 Str+3}
  4087 | D:4      | Slain by a killer bee

Illustrated notes

Levels and vault maps discovered:
D:1:      lemuel_arrival_muddy, layout_loops_ring,
          hellmonk_ecumenical_altar_lost_god
D:2:      layout_basic, basic_altar, serial_shops, shop, nicolae_square_shop,
          shop_fountains, shop, nicolae_shop_behind_doors, uniq_robin,
          uniq_terence
D:3:      layout_basic, cheibriados_altar_1, mainiacjoe_overflow_tiny_flanked,
          mainiacjoe_overflow_alcove_3
D:4:      layout_loops_corners, mainiacjoe_overflow_brackets,
          old_standard_altar, cheibrodos_sewer_entry_drain, kennysheep_doodads,
          nicolae_underground_beach

Skill      XL: |  1  2  3  4 |
---------------+-------------+-----
Polearms       | 3 4 5 |  5.0
Fighting       | |  2.0
Throwing       | |  1.7
Dodging        | |  2.6
Invocations    | |  0.6

Action                   |  1- 3 |  4- 6 || total
-------------------------+-------+-------++-------
Melee: Trident           |   149 |    64 ||   213
  Use: Scroll            |     1 |     2 ||     3
       Potion            |       |     2 ||     2
 Stab: Sleeping          |     1 |     2 ||     3
Armor: Leather armour    |    42 |    17 ||    59
       Skin              |       |    11 ||    11
Dodge: Dodged            |   110 |    25 ||   135
Block: Buckler           |     1 |    10 ||    11

Table legend: (Time is in decaauts)
 A = Elapsed time spent in this place.
 B = Non-inter-level travel time spent in this place.
 C = Inter-level travel time spent in this place.
 D = Time resting spent in this place.
 E = Time spent auto-exploring this place.
 F = Levels seen in this place.
 G = Mean time per level.
                   A        B        C        D        E       F      G
               +--------+--------+--------+--------+--------+-----+--------+
         Total |   4119 |   3954 |    165 |    781 |   2325 |   4 | 1029.8 |
       Dungeon |   4119 |   3954 |    165 |    781 |   2325 |   4 | 1029.8 |
               +--------+--------+--------+--------+--------+-----+--------+

Top non-repeatable levels by time:
     D:1: 1979 daAuts
     D:3: 1147 daAuts
     D:2: 928 daAuts
     D:4: 64 daAuts
